 Dungeon Crawl Stone Soup version 0.31-a0-965-g8a8ce12e04 (webtiles) character file.

Game seed: 9975933428095027698

17 Ahpoh the Trooper (level 2, 25/25 HPs)
             Began as a Barachi Fighter on Oct 25, 2023.
             Quit the game on level 1 of the Dungeon on Oct 26, 2023.
             The game lasted 00:02:10 (688 turns).

Ahpoh the Trooper (Barachi Fighter)                  Turns: 688, Time: 00:02:11

Health: 25/25      AC:  9    Str: 17    XL:     2   Next: 62%
Magic:  2/2        EV:  7    Int:  8    God:
Gold:   23         SH:  4    Dex: 11    Spells: 1/1 levels left

rFire   . . .        a - +0 long sword
rCold   . . .        c - +0 buckler
rNeg    . . .        h - +0 chain mail
rPois   .            (no helmet)
rElec   .            (no cloak)
rCorr   .            (no gloves)
SInv    .            (no boots)
Will    .....        (no amulet) Stlth
                     (no ring)
HPRegen 0.24/turn    (no ring)
MPRegen 0.08/turn

%: no passive effects
@: slow
A: amphibious, slowness 1, strong legs 1, +LOS
a: Hop


You were on level 1 of the Dungeon.
You visited 1 branch of the dungeon, and saw 1 of its levels.

You collected 23 gold pieces.

Inventory:

Hand Weapons
 a - a +0 long sword (weapon)
Armour
 c - a +0 buckler (worn)
 h - a +0 chain mail (worn)
Scrolls
 b - a scroll of identify {unknown}
 e - a scroll of enchant weapon {unknown}
 g - a scroll of fear {unknown}
 i - a scroll of noise {unknown}
Potions
 d - a potion of might
 f - a potion of curing {unknown}


   Skills:
 * Level 4.0 Fighting
 * Level 2.7 Long Blades
 * Level 4.0 Armour
 * Level 0.1 Dodging
 * Level 3.4 Shields


You had one spell level left.
You didn't know any spells.
Your spell library contained the following spells:

 Spells                   Type           Power      Damage    Failure   Level
 Ozocubu's Armour         Ice            0%         N/A       100%        3
 Ozocubu's Refrigeration  Ice            0%         4d7       100%        7


Dungeon Overview and Level Annotations

Branches:
Dungeon (1/15)

Altars:

Shops:
D:1 ?


Innate Abilities, Weirdness & Mutations

You are amphibious.
You cover ground slowly.
You can hop short distances.
You have an extended range of vision and can be seen from far away.


Message History

The goblin hits you but does no damage. The goblin closely misses you.
You block the goblin's attack. The goblin hits you but does no damage.
The goblin barely misses you. The goblin hits you but does no damage.
You hit the goblin.
You kill the goblin!
You see here a +0 club.
You see here a +0 club.
You open the door.
There is an open door here.
Found Tulamoeru's Magic Scroll Emporium.
Found a stone staircase leading down.
There is an entrance to Tulamoeru's Magic Scroll Emporium here.
You open the door.
There is an open door here.
You see here 6 stones.
You open the door.
There is an open door here.
Key pressed, stopping explore.
You open the door.
There is an open door here.
You see here 6 stones.
There is an open gate here.
Done exploring.
Key pressed, stopping explore.
Done exploring.
Done exploring.
Done exploring.
Done exploring.
Done exploring.
There is an open gate here.
There is an open gate here.
There is an open door here.
There is a stone staircase leading down here.
Welcome back, Ahpoh the Barachi Fighter.
Press ? for a list of commands and other information.
Welcome back, Ahpoh the Barachi Fighter.
Press ? for a list of commands and other information.
Are you sure you want to abandon this character and quit the game? (Confirm with "yes".)

#######....#
#.........#.
######+#....#..#.
#................
#..........>..##.
#................
#.........[......
##................
#@....∩...........
♣♣♣
#####.########+#..
♣♣.#
#.####........
♣♣..#
#....'........
♣♣...#
######........
♣....#
#######........
♣♣....##
#....##....(...
♣......##
#....##........
♣.......##
#....##........


There were no monsters in sight!

Vanquished Creatures
  2 endoplasms (D:1)
  3 goblins (D:1)
  5 hobgoblins (D:1)
  A quokka (D:1)
  A ball python (D:1)
  A kobold (D:1)
  A rat (D:1)
14 creatures vanquished.

Notes
Turn   | Place    | Note
-------+----------+-------------------------------------------
     0 | D:1      | Ahpoh the Barachi Fighter began the quest for the Orb.
     0 | D:1      | Reached XP level 1. HP: 18/18 MP: 1/1
   173 | D:1      | Reached XP level 2. HP: 25/25 MP: 2/2
   427 | D:1      | Found Tulamoeru's Magic Scroll Emporium.
   688 | D:1      | Upgraded the game from 0.31-a0-963-ga325b2283a to
                  | 0.31-a0-965-g8a8ce12e04
   688 | D:1      | Quit the game

Illustrated notes

Levels and vault maps discovered:
D:1:      kennysheep_arrival_forest, layout_basic, serial_shops, shop

Skill      XL: |  1  2 |
---------------+-------+-----
Fighting       | 4 |  4.0
Armour         | 4 |  4.0
Long Blades    | |  2.7
Dodging        | |  0.1
Shields        | |  3.4

Action                     || total
---------------------------++-------
  Melee: Long sword        ||    35
 Armour: Scale mail        ||    17
         Chain mail        ||     5
  Dodge: Dodged            ||    16
  Block: Buckler           ||     7

Table legend: (Time is in decaauts)
 A = Elapsed time spent in this place.
 B = Non-inter-level travel time spent in this place.
 C = Inter-level travel time spent in this place.
 D = Time resting spent in this place.
 E = Time spent auto-exploring this place.
 F = Levels seen in this place.
 G = Mean time per level.
                   A        B        C        D        E       F      G
               +--------+--------+--------+--------+--------+-----+--------+
         Total |    822 |    789 |     33 |      0 |    585 |   1 |  822.0 |
       Dungeon |    822 |    789 |     33 |      0 |    585 |   1 |  822.0 |
               +--------+--------+--------+--------+--------+-----+--------+

Top non-repeatable levels by time:
     D:1: 822 daAuts
